 Dungeon Crawl Stone Soup version 0.30-a0-652-gcc886f7154 (webtiles) character file.

Game seed: 3123854905228615494

1596 OTABOTABOTAB the Skirmisher (level 9, -1/36 (49) HPs)
             Began as a Kobold Hunter on Jan 18, 2023.
             Slain by ryw's ghost (3 damage)
             ... on level 6 of the Dungeon.
             The game lasted 00:07:11 (5966 turns).

OTABOTABOTAB the Skirmisher (Kobold Hunter)         Turns: 5966, Time: 00:07:11

HP:   -1/36 (49)    AC:  8    Str:  5 (8)  XL:     9   Next: 15%
MP:   9/9           EV: 19    Int: 10 (11) God:
Gold: 240           SH:  0    Dex: 21 (22) Spells: 8/8 levels left

rFire   + . .      SeeInvis .    a - +1 shortbow
rCold   + + .      Faith    .    (shield currently unavailable)
rNeg    . . .      Spirit   .    r - +1 robe of Generosity {Slay+2}
rPois   +          Reflect  .    (helmet restricted)
rElec   +          Harm     .    u - +2 cloak
rCorr   +          Rampage  .    (no gloves)
Will    .....                    (no boots)
Stlth   +++++                    o - amulet of the acrobat
HPRegen 0.26/turn                C - ring of protection from cold {rC+, !d}
MPRegen 0.11/turn                p - ring of flight {+Fly, !d}

@: brilliant, resistant, attractive, flying, hasted, very heavily drained, very
quick
A: small, no large weapons, nightstalker 3, antennae 1, iridescent scales 1,
frail 1, poison resistance
a: no special abilities


You were on level 6 of the Dungeon.
You visited 1 branch of the dungeon, and saw 6 of its levels.

You collected 240 gold pieces.

Inventory:

Hand Weapons
 a - a +1 shortbow (weapon)
 b - a +3 short sword
   (You took it off a goblin on level 2 of the Dungeon)
Missiles
 h - 2 throwing nets {!d}
 n - 10 poisoned darts
 s - 69 stones
 t - 4 datura-tipped darts
Armour
 m - a +0 helmet
   (You found it on level 2 of the Dungeon)
 r - the +1 robe of Generosity (worn) {Slay+2}
   (You found it on level 4 of the Dungeon)

   Slay:      It affects your accuracy & damage with ranged weapons and melee
   (+2).
 u - a +2 cloak (worn)
   (You took it off Crazy Yiuf on level 4 of the Dungeon)
Jewellery
 o - an amulet of the acrobat (around neck)
   (You found it on level 3 of the Dungeon)
 p - a ring of flight (right hand) {+Fly, !d}
   (You found it on level 3 of the Dungeon)
 C - a ring of protection from cold (left hand) {rC+, !d}
   (You took it off a hobgoblin on level 3 of the Dungeon)
 V - a ring of see invisible {sInv, !d}
   (You found it on level 5 of the Dungeon)
Wands
 e - a wand of charming (7)
   (You found it on level 6 of the Dungeon)
 i - a wand of iceblast (11)
   (You found it on level 4 of the Dungeon)
 j - a wand of polymorph (13)
   (You found it on level 6 of the Dungeon)
 q - a wand of flame (35)
   (You took it off Grinder on level 4 of the Dungeon)
Scrolls
 D - a scroll of blinking {!r}
 K - 2 scrolls of immolation {!r}
Potions
 H - a potion of haste
 L - 5 potions of flight
 R - a potion of resistance
 U - 3 potions of mutation {!q}


   Skills:
 + Level 5.7 Fighting
 * Level 10.4 Ranged Weapons
 + Level 6.2 Dodging
 + Level 7.0 Stealth


You had 8 spell levels left.
You didn't know any spells.
Your spell library contained the following spells:

 Spells                   Type           Power      Damage    Failure   Level
 Dazzling Flash           Conj/Hex       0%         N/A       75%         3
 Inner Flame              Hex/Fire       0%         N/A       75%         3
 Flame Wave               Conj/Fire      0%         2d4       98%         4
 Sticky Flame             Conj/Fire      0%         2d3       98%         4
 Agony                    Necr           0%         N/A       100%        5
 Silence                  Hex/Air        0%         N/A       100%        5
 Summon Forest            Summ/Tloc      0%         N/A       100%        5
 Eringya's Noxious Bog    Tmut/Pois      0%         N/A       100%        6
 Summon Hydra             Summ           0%         N/A       100%        7


Dungeon Overview and Level Annotations

Branches:
Dungeon (6/15)
 Temple: D:4-7

Altars:
Cheibriados
Hepliaklqana
The Shining One

Shops:
D:3 [

Annotations:
D:6 ryw's ghost, novice HuNe


Innate Abilities, Weirdness & Mutations

You are small and have problems with some larger weapons.
You are completely attuned to the shadows.
You have a pair of small antennae on your head.
You are partially covered in iridescent scales. (AC +2)
You are frail. (-10% HP)
Your system is resistant to poisons. (rPois)


Message History

Aim: ryw's ghost, wielding a weapon of draining (lightly damaged, 64% to hit)
You shoot an arrow. The arrow hits ryw's ghost.
Ryw's ghost hits you.
You feel drained.
You take 2 damage, and have 30/41 hp.
Fire: a) +1 shortbow
Aim: ryw's ghost, wielding a weapon of draining (lightly damaged, 64% to hit)
You shoot an arrow. The arrow hits ryw's ghost.
Fire: a) +1 shortbow
Aim: ryw's ghost, wielding a weapon of draining (lightly damaged, 64% to hit)
You shoot an arrow. The arrow hits ryw's ghost.
Ryw's ghost completely misses you.
Fire: a) +1 shortbow
Aim: ryw's ghost, wielding a weapon of draining (moderately damaged, 64% to hit)
You shoot an arrow. The arrow hits ryw's ghost!
Fire: a) +1 shortbow
Aim: ryw's ghost, wielding a weapon of draining (moderately damaged, 64% to hit)
You shoot an arrow. The arrow closely misses ryw's ghost.
Ryw's ghost barely misses you.
Fire: a) +1 shortbow
Aim: ryw's ghost, wielding a weapon of draining (moderately damaged, 64% to hit)
You shoot an arrow. The arrow hits ryw's ghost.
Ryw's ghost hits you but does no damage.
You feel drained.
Fire: a) +1 shortbow
Aim: ryw's ghost, wielding a weapon of draining (moderately damaged, 64% to hit)
You shoot an arrow. The arrow barely misses ryw's ghost.
Fire: a) +1 shortbow
Aim: ryw's ghost, wielding a weapon of draining (moderately damaged, 64% to hit)
You shoot an arrow. The arrow misses ryw's ghost.
Ryw's ghost hits you!
You feel drained.
You take 13 damage, and have 18/39 hp.
MASSIVE DAMAGE!!
Fire: a) +1 shortbow
Aim: ryw's ghost, wielding a weapon of draining (moderately damaged, 64% to hit)
You shoot an arrow. The arrow hits ryw's ghost!
Ryw's ghost closely misses you.
Fire: a) +1 shortbow
Aim: ryw's ghost, wielding a weapon of draining (heavily damaged, 64% to hit)
You shoot an arrow. The arrow misses ryw's ghost.
Fire: a) +1 shortbow
Aim: ryw's ghost, wielding a weapon of draining (heavily damaged, 64% to hit)
You shoot an arrow. The arrow misses ryw's ghost.
Ryw's ghost hits you.
You feel drained.
You take 1 damage, and have 17/38 hp.
Fire: a) +1 shortbow
Aim: ryw's ghost, wielding a weapon of draining (heavily damaged, 64% to hit)
You shoot an arrow. The arrow hits ryw's ghost!
Ryw's ghost completely misses you.
Fire: a) +1 shortbow
Aim: ryw's ghost, wielding a weapon of draining (severely damaged, 64% to hit)
You shoot an arrow. The arrow closely misses ryw's ghost.
Fire: a) +1 shortbow
Aim: ryw's ghost, wielding a weapon of draining (severely damaged, 64% to hit)
You shoot an arrow.
The arrow hits ryw's ghost but does no damage.
Ryw's ghost closely misses you.
Fire: a) +1 shortbow
Aim: ryw's ghost, wielding a weapon of draining (severely damaged, 64% to hit)
You shoot an arrow. The arrow barely misses ryw's ghost.
Ryw's ghost barely misses you.
Fire: a) +1 shortbow
Aim: ryw's ghost, wielding a weapon of draining (severely damaged, 64% to hit)
You shoot an arrow. The arrow misses ryw's ghost.
Fire: a) +1 shortbow
Aim: ryw's ghost, wielding a weapon of draining (severely damaged, 64% to hit)
You shoot an arrow.
The arrow hits ryw's ghost but does no damage.
Ryw's ghost hits you but does no damage.
You feel drained.
Fire: a) +1 shortbow
Aim: ryw's ghost, wielding a weapon of draining (severely damaged, 64% to hit)
You shoot an arrow. The arrow hits ryw's ghost.
Ryw's ghost draws life force from you!
* * * LOW HITPOINT WARNING * * *
Ryw's ghost is healed by the life force!
Unknown command.
You take 9 damage, and have 9/37 hp.
MASSIVE DAMAGE!!
Fire: a) +1 shortbow
Aim: ryw's ghost, wielding a weapon of draining (severely damaged, 64% to hit)
You shoot an arrow.
The arrow completely misses ryw's ghost.
Fire: a) +1 shortbow
Aim: ryw's ghost, wielding a weapon of draining (severely damaged, 64% to hit)
You shoot an arrow. The arrow misses ryw's ghost.
Ryw's ghost misses you.
Fire: a) +1 shortbow
Aim: ryw's ghost, wielding a weapon of draining (severely damaged, 64% to hit)
You shoot an arrow. The arrow hits ryw's ghost.
Ryw's ghost misses you.
Fire: a) +1 shortbow
Aim: ryw's ghost, wielding a weapon of draining (severely damaged, 64% to hit)
You shoot an arrow. The arrow hits ryw's ghost!
Ryw's ghost hits you!
* * * LOW HITPOINT WARNING * * *
You feel drained.
You die...

#...### ##.........##.###
##.## ##...#...###.# #†#
##§###### #.#
###.############.## #.#
.[............#...#######.#
###.#.#.#####.#)..........#
# #.#.#.#####.#..)#########
# #.#.......#...W).# #
#.......#.#...@.)##
#####.#.#..[.....##.#
........###.#..#.#.##
#####.#####.#.#...##
#.........##.##
#.......####.# #########
#.# ############.#
###.........##.#


You could see ryw's ghost.

Vanquished Creatures
  Grinder (D:4)
  2 orc warriors (D:6)
  2 ogres (D:6)
  2 kobold brigands (D:6)
  2 necrophages
  2 scorpions (D:5)
  2 jellies (D:5)
  Crazy Yiuf (D:4)
  5 hounds (D:5)
  4 orc priests
  An iguana (D:6)
  An orc wizard (D:6)
  8 adders
  6 gnolls
  2 ufetubi (D:6)
  2 worms
  16 orcs
  4 ball pythons
  12 endoplasms
  3 giant cockroaches
  8 goblins
  11 hobgoblins
  4 jackals (D:1)
  8 bats
  5 frilled lizards
  11 kobolds
  7 rats
  A spectral orc (D:6)
133 creatures vanquished.

Vanquished Creatures (others)
  A fungus (D:1)
  2 plants (D:1)
3 creatures vanquished.

Grand Total: 136 creatures vanquished

Notes
Turn   | Place    | Note
-------+----------+-------------------------------------------
     0 | D:1      | OTABOTABOTAB the Kobold Hunter began the quest for the Orb.
     0 | D:1      | Reached XP level 1. HP: 12/12 MP: 1/1
    98 | D:1      | Reached XP level 2. HP: 6/18 MP: 2/2
   302 | D:1      | Reached skill level 2 in Stealth
   397 | D:1      | Reached XP level 3. HP: 14/22 MP: 3/3
   511 | D:1      | You fall into a shaft and drop 1 floor!
   564 | D:2      | Reached skill level 6 in Ranged Weapons
   575 | D:2      | Reached skill level 3 in Dodging
   619 | D:2      | Reached XP level 4. HP: 27/27 MP: 4/4
   837 | D:1      | Found a faded altar of an unknown god.
  1611 | D:3      | Reached skill level 3 in Fighting
  1634 | D:3      | Found Suciegg's Armour Shop.
  1968 | D:3      | Reached XP level 5. HP: 32/32 MP: 5/5
  1976 | D:3      | Reached skill level 3 in Stealth
  2753 | D:4      | Noticed Grinder
  2762 | D:4      | Killed Grinder
  2763 | D:4      | Reached skill level 7 in Ranged Weapons
  2763 | D:4      | Reached skill level 4 in Dodging
  2763 | D:4      | Reached skill level 4 in Stealth
  2763 | D:4      | Reached XP level 6. HP: 24/38 MP: 6/6
  2871 | D:4      | Reached XP level 7. HP: 23/42 MP: 7/7
  3044 | D:4      | Identified the +1 robe of Generosity {Slay+2}
  3265 | D:4      | Reached skill level 4 in Fighting
  3348 | D:4      | Found a runed translucent door.
  3351 | D:4      | Noticed Crazy Yiuf
  3362 | D:4      | Killed Crazy Yiuf
  3363 | D:4      | Reached skill level 8 in Ranged Weapons
  3790 | D:5      | Entered Level 5 of the Dungeon
  3855 | D:5      | Reached skill level 5 in Stealth
  3951 | D:5      | Reached XP level 8. HP: 47/48 MP: 8/8
  3994 | D:5      | Reached skill level 5 in Dodging
  4089 | D:5      | Reached skill level 9 in Ranged Weapons
  4518 | D:6      | HP: 12/48 [orc warrior/+0 trident (7)]
  4716 | D:6      | Reached skill level 5 in Fighting
  4728 | D:6      | Reached skill level 6 in Stealth
  5142 | D:6      | Reached skill level 10 in Ranged Weapons
  5188 | D:6      | Found a glowing golden altar of the Shining One.
  5275 | D:6      | Reached skill level 6 in Dodging
  5275 | D:6      | Reached XP level 9. HP: 39/54 MP: 9/9
  5354 | D:6      | Found a hazy altar of Hepliaklqana.
  5569 | D:6      | Reached skill level 7 in Stealth
  5688 | D:6      | Found a snail-covered altar of Cheibriados.
  5751 | D:6      | Found a runed translucent door.
  5911 | D:6      | Noticed ryw's ghost (novice HuNe)
  5939 | D:6      | Gained mutation: You are partially covered in iridescent
                  | scales. (AC +2) [potion of mutation]
  5939 | D:6      | Gained mutation: You have a pair of small antennae on your
                  | head. [potion of mutation]
  5939 | D:6      | Gained mutation: You are frail. (-10% HP) [potion of
                  | mutation]
  5939 | D:6      | Gained mutation: Your system is resistant to poisons.
                  | (rPois) [potion of mutation]
  5962 | D:6      | HP: 9/37 [ryw's ghost/vampiric draining (10)]
  5966 | D:6      | HP: 2/37 [ryw's ghost (7)]
  5966 | D:6      | Slain by ryw's ghost

Illustrated notes

Levels and vault maps discovered:
D:1:      denvon_arrival_hothouse, layout_basic,
          dreamdust_ecumenical_altar_hidden_monk_grotto
D:2:      layout_loops_ring, st_stairs_10
D:3:      layout_basic, serial_shops, nicolae_shop_crystal
D:4:      layout_loops_corners, nicolae_ossuary_entry_plus, uniq_grinder,
          uniq_crazy_yiuf_cottage
D:5:      layout_rooms
D:6:      layout_loops_corners, cheibriados_altar_1,
          nicolae_hepliaklqana_monster_ancestors, tso_oasis_becter,
          ebering_ghost_reflecting_pool

Skill      XL: |  1  2  3  4  5  6  7  8  9 |
---------------+----------------------------+-----
Stealth        | 2 4 5 6 7 |  7.0
Ranged Weapons | 6 7 8 10 | 10.4
Dodging        | 3 4 6 |  6.2
Fighting       | 3 4 5 |  5.7

Action                   |  1- 3 |  4- 6 |  7- 9 || total
-------------------------+-------+-------+-------++-------
 Fire: Shortbow          |    77 |    93 |   246 ||   416
  Use: Scroll            |       |     5 |     4 ||     9
       Potion            |       |       |     6 ||     6
Armor: Leather armour    |    13 |     8 |       ||    21
       Robe              |       |       |    21 ||    21
Dodge: Dodged            |    41 |    19 |   160 ||   220

Table legend: (Time is in decaauts)
 A = Elapsed time spent in this place.
 B = Non-inter-level travel time spent in this place.
 C = Inter-level travel time spent in this place.
 D = Time resting spent in this place.
 E = Time spent auto-exploring this place.
 F = Levels seen in this place.
 G = Mean time per level.
                   A        B        C        D        E       F      G
               +--------+--------+--------+--------+--------+-----+--------+
         Total |   6003 |   5808 |    195 |    121 |   4917 |   6 | 1000.5 |
       Dungeon |   6003 |   5808 |    195 |    121 |   4917 |   6 | 1000.5 |
               +--------+--------+--------+--------+--------+-----+--------+

Top non-repeatable levels by time:
     D:6: 1325 daAuts
     D:4: 1149 daAuts
     D:3: 1096 daAuts
     D:5: 843 daAuts
     D:1: 811 daAuts
     D:2: 777 daAuts

Table legend:
 A = Kills in this place as a percentage of kills in entire the game.
 B = Kills by you in this place as a percentage of kills by you in the entire game.
 C = Kills by friends in this place as a percentage of kills by friends in the entire game.
 D = Other kills in this place as a percentage of other kills in the entire game.
 E = Experience gained in this place as a percentage of experience gained in the entire game.
 F = Experience gained in this place divided by the number of levels of this place that you have seen.
                   A       B       C       D       E      F
               +-------+-------+-------+-------+-------+----------------------
         Total | 100.0 | 100.0 |   N/A |   N/A | 100.0 | 380.0
       Dungeon | 100.0 | 100.0 |   N/A |   N/A | 100.0 | 380.0
               +-------+-------+-------+-------+-------+----------------------
